 Dungeon Crawl Stone Soup version 0.30-a0-1157-g2cc9ac7196 (webtiles) character file.

Game seed: 18084802236316234951

240 lunkers the Firebug (level 6, -14/45 HPs)
             Began as a Meteoran Fire Elementalist on Apr 24, 2023.
             Demolished by a mummy (15 damage)
             ... in an ossuary.
             The game lasted 00:05:58 (1415 turns).

lunkers the Firebug (Meteoran Fire Elementalist)    Turns: 1415, Time: 00:05:59

Health: -14/45     AC:  4    Str: 11    XL:     6   Next: 55%
Magic:  8/13       EV: 12    Int: 18    God:
Gold:   116        SH:  0    Dex: 14    Spells: 12/13 levels left

rFire   . . .        o - +2 dagger (speed)
rCold   . . .        (no shield)
rNeg    + . .        a - +0 robe
rPois   .            p - +1 helmet
rElec   .            (no cloak)
rCorr   .            (no gloves)
SInv    .            (no boots)
Will    .....        (no amulet)
Stlth   +            e - ring of positive energy
HPRegen 0.27/turn    g - ring of wizardry
MPRegen 0.13/turn

%: wizardry (x1)
@: glowing
A: sense surroundings 1, otherworldly, glowing, explore regen
a: no special abilities


You were in an ossuary.
You visited 1 branch of the dungeon, and saw 4 of its levels.
You also visited: Ossuary.

You collected 116 gold pieces.

Inventory:

Hand Weapons
 o - a +2 dagger of speed (weapon)
Armour
 a - a +0 robe (worn)
 p - a +1 helmet (worn)
Jewellery
 e - a ring of positive energy (left hand)
 g - a ring of wizardry (right hand)
Scrolls
 c - a scroll of vulnerability {unknown}
 f - 2 scrolls of enchant weapon {unknown}
 h - 2 scrolls of poison {unknown}
 i - a scroll of teleportation {unknown}
 j - a scroll of noise {unknown}
Potions
 b - 2 potions of magic
 d - a potion of haste {unknown}
 k - a potion of curing {unknown}
 l - a potion of degeneration {unknown}
 m - a potion of heal wounds {unknown}
 n - a potion of brilliance {unknown}


   Skills:
 - Level 2.4 Dodging
 - Level 1.4 Stealth
 + Level 4.3 Spellcasting
 + Level 3.5 Conjurations
 * Level 6.2 Fire Magic


You had 12 spell levels left.
You knew the following spells:

 Your Spells              Type           Power      Damage    Failure   Level
a - Foxfire               Conj/Fire      84%        2x1d8     1%          1

Your spell library contained the following spells:

 Spells                   Type           Power      Damage    Failure   Level
 Scorch                   Fire           52%        2d7       1%          2
 Inner Flame              Hex/Fire       15%        N/A       4%          3
 Volatile Blastmotes      Fire/Tloc      30%        2d12      4%          3
 Flame Wave               Conj/Fire      21%        2d8       8%          4


Dungeon Overview and Level Annotations

Branches:
Dungeon (4/15) Zot: 1014  Ossuary (1/1) Zot: 580
 Temple: D:4-7

Altars:

Shops:
D:4 !


Innate Abilities, Weirdness & Mutations

You passively map a small area around you.
You are easily found by Zot.
You glow in the dark.
You regain HP and MP as you explore.


Message History

The mummy is severely damaged.
The foxfire hits the bullfrog zombie.
The bullfrog zombie is heavily damaged.
The bullfrog zombie hits you but does no damage.
You hit the mummy.
The mummy is almost destroyed.
The bullfrog zombie hits you.
* * * LOW HITPOINT WARNING * * *
The mummy hits you!
* * * LOW HITPOINT WARNING * * *
Casting: Foxfire (safe; 1% risk of failure)
Press: ? - help, Q - select action Dir - look around, f - activate You conjure some foxfire!
The bullfrog zombie hits you but does no damage.
Unknown command.
Unknown command.
You barely miss the mummy.
The mummy is almost destroyed.
The foxfire hits the mummy but does no damage.
The foxfire hits the bullfrog zombie!
The bullfrog zombie is severely damaged.
The bullfrog zombie hits you.
* * * LOW HITPOINT WARNING * * *
The mummy closely misses you.
Casting: Foxfire (safe; 1% risk of failure)
Press: ? - help, Q - select action Dir - look around, f - activate You conjure some foxfire!
The bullfrog zombie closely misses you.
Unknown command.
Unknown command.
You barely miss the bullfrog zombie.
The bullfrog zombie is severely damaged.
The foxfire hits the mummy!
The mummy is burned terribly!
The mummy is moderately damaged.
The foxfire hits the bullfrog zombie!
The bullfrog zombie is almost destroyed.
The bullfrog zombie hits you.
* * * LOW HITPOINT WARNING * * *
The mummy hits you!
You die...

~ ~ *~ * *
,, *~ * , *,
* ** * ,~ ~
+ * * #####
* * #∩@.#,+
, *#ZMM#, ##
, *
,#.Z.#,'.*
#~##+##'##.#
*
~..........+
~~.#+#+#'#+#
* #.# * *
###* * * *


You could see 2 mummies and 2 bullfrog zombies.

Vanquished Creatures
  A scorpion (D:4)
  A hound (D:4)
  Terence (D:2)
  4 adders
  3 gnolls (D:3)
  6 orcs
  5 endoplasms
  2 giant cockroaches
  2 goblins
  3 hobgoblins
  3 jackals (D:1)
  2 kobolds
  2 quokkas
  3 ball pythons
  9 bats
  3 frilled lizards
  A goblin zombie (D:4)
  3 rats
  A rat zombie (D:4)
55 creatures vanquished.

Vanquished Creatures (others)
  198 foxfires
  A withered plant (Ossuary)
199 creatures vanquished.

Grand Total: 254 creatures vanquished

Notes
Turn   | Place    | Note
-------+----------+-------------------------------------------
     0 | D:1      | lunkers the Meteoran Fire Elementalist began the quest for
                  | the Orb.
     0 | D:1      | Reached XP level 1. HP: 14/14 MP: 5/5
    89 | D:1      | Reached XP level 2. HP: 20/20 MP: 3/6
   117 | D:1      | Reached skill level 4 in Fire Magic
   174 | D:1      | Reached XP level 3. HP: 21/26 MP: 0/8
   564 | D:2      | Noticed Terence
   604 | D:2      | Killed Terence
   605 | D:2      | Reached XP level 4. HP: 8/33 MP: 1/10
   923 | D:3      | Reached skill level 5 in Fire Magic
   927 | D:3      | Reached XP level 5. HP: 26/38 MP: 5/11
  1261 | D:4      | Reached skill level 6 in Fire Magic
  1261 | D:4      | Reached XP level 6. HP: 33/45 MP: 5/13
  1269 | D:4      | Found Ziqoseeh's Distillery.
  1386 | D:4      | Found a sand-covered staircase.
  1395 | Ossuary  | Entered an ossuary
  1415 | Ossuary  | HP: 1/45 [bullfrog zombie (6)]
  1415 | Ossuary  | Demolished by a mummy

Illustrated notes

Levels and vault maps discovered:
D:1:      minmay_arrival_split_and_join, layout_basic, serial_aquarium,
          aquarium_bridge_square [aquarium_subvault_bridge,
          aquarium_subvault_window, aquarium_subvault_wall,
          aquarium_subvault_bridge], aquarium_bridge_straight
          [aquarium_subvault_bridge, aquarium_subvault_wall,
          aquarium_subvault_bridge, aquarium_subvault_window],
          aquarium_window_corner, aquarium_window_3, aquarium_window_fake,
          aquarium_window_fake, aquarium_view_2d, aquarium_balcony_3b,
          minmay_liquid_box, chequers_arboretum, hangedman_decor_push,
          hangedman_abyss_or_decor_lesser_grid
D:2:      layout_loops_corners, st_stairs_10, uniq_robin, uniq_terence,
          uniq_natasha
D:3:      wad_pebble_path, layout_basic, grunt_ministairs_5,
          corexii_corridor_pit, ebering_dispersal_statue_hall
D:4:      layout_loops_cross, serial_shops, nicolae_shop_rolling_square,
          enter_ossuary_4
Ossuary:  ossuary_zaba_flooded

Skill      XL: |  1  2  3  4  5 |
---------------+----------------+-----
Fire Magic     | 4 5 6 |  6.2
Spellcasting   | 3 4 |  4.3
Conjurations   | 2 3 |  3.5
Dodging        | |  2.4
Stealth        | |  1.4

Action                     |  1- 3 |  4- 6 || total
---------------------------+-------+-------++-------
  Melee: Unarmed           |     4 |       ||     4
         Dagger            |       |    27 ||    27
         Punch             |       |     1 ||     1
   Cast: Foxfire           |    54 |    65 ||   119
 Armour: Robe              |    12 |    16 ||    28
  Dodge: Dodged            |    23 |    29 ||    52

Table legend: (Time is in decaauts)
 A = Elapsed time spent in this place.
 B = Non-inter-level travel time spent in this place.
 C = Inter-level travel time spent in this place.
 D = Time resting spent in this place.
 E = Time spent auto-exploring this place.
 F = Levels seen in this place.
 G = Mean time per level.
                   A        B        C        D        E       F      G
               +--------+--------+--------+--------+--------+-----+--------+
         Total |   1404 |   1341 |     63 |      0 |    874 |   5 |  280.8 |
       Dungeon |   1385 |   1322 |     63 |      0 |    872 |   4 |  346.2 |
       Ossuary |     18 |     18 |      0 |      0 |      2 |   1 |   18.0 |
               +--------+--------+--------+--------+--------+-----+--------+

Top non-repeatable levels by time:
     D:2: 439 daAuts
     D:1: 410 daAuts
     D:3: 287 daAuts
     D:4: 248 daAuts
 Ossuary: 18 daAuts
